 Dungeon Crawl Stone Soup version 0.16.2-12-gd0ad4c3 (webtiles) character file.

75 musteatbrain the Gusty (level 4, -1/24 HPs)
             Began as a Tengu Air Elementalist on Sept 28, 2015.
             Slain by Sigmund
             ... wielding a +1 scythe of slicing
              (3 damage)
             ... on level 2 of the Dungeon.
             The game lasted 00:07:40 (2171 turns).

musteatbrain the Gusty (Tengu Air Elementalist)     Turns: 2171, Time: 00:07:41

Health: -1/24      AC:  2    Str:  9    XL:     4   Next: 31%
Magic:  3/8        EV: 12    Int: 16    God:
Gold:   109        SH:  0    Dex: 14    Spells: 3 memorised, 2 levels left

rFire  . . .     SeeInvis .     f - +0 short sword (holy)
rCold  . . .     Clarity  .     a - +0 robe
rNeg   . . .     SustAb   .     (no shield)
rPois  .         Gourm    .     (helmet restricted)
rElec  .         Spirit   .     (no cloak)
rCorr  .         Warding  .     (no gloves)
rMut   .         Stasis   .     (boots unavailable)
MR     .....                    (no amulet)
Stlth  ++........               (no ring)
                                (no ring)

@: sluggish, very slow, not resistant to hostile enchantments, unstealthy
A: beak, talons 3
a: no special abilities


You were on level 2 of the Dungeon.
You were not hungry.

You visited 1 branch of the dungeon, and saw 2 of its levels.

You collected 109 gold pieces.

Inventory:

Hand weapons
 e - a +0 whip
 f - a +0 short sword of holy wrath (weapon)
 k - a cursed -2 dagger
Armour
 a - a +0 robe (worn)
Jewellery
 g - an uncursed ring of flight {unknown}
Scrolls
 h - a scroll of identify {unknown}
 i - a scroll of amnesia {unknown}
Potions
 d - a potion of brilliance {unknown}
Books
 b - a book of Air

   Spells                             Type                      Level
   a - Shock                          Conjuration/Air              1
   b - Swiftness                      Charms/Air                   2
   c - Repel Missiles                 Charms/Air                   2
   d - Flight                         Charms/Air                   3
   e - Static Discharge               Conjuration/Air              3
   f - Lightning Bolt                 Conjuration/Air              5
Comestibles
 c - a bread ration
 j - a beef jerky
 l - a meat ration


   Skills:
 - Level 2.3 Dodging
 - Level 2.0 Stealth
 - Level 2.0 Spellcasting
 + Level 3.2 Conjurations
 * Level 5.7 Air Magic


You had 2 spell levels left.
You knew the following spells:

 Your Spells              Type           Power        Failure   Level  Hunger
a - Shock                 Conj/Air       ###.         3%          1    #......
b - Swiftness             Chrm/Air       ##......     12%         2    ###....
c - Repel Missiles        Chrm/Air       ##....       12%         2    ###....


Dungeon Overview and Level Annotations

Branches:
Dungeon (2/15)

Altars:

Annotations:
D:2 Sigmund


Innate Abilities, Weirdness & Mutations

You have a beak for a mouth.
You have claws for feet.


Message History

You resist with some effort.
Casting: Shock
Confirm with . or Enter, or press ? or * to list all spells.
Aiming: Shock
Press: ? - help, Shift-Dir - straight line, f/p - Sigmund
Aim: Sigmund, wielding a scythe of slicing and wearing a robe (moderately wounded)
The zap hits Sigmund.
Sigmund is moderately wounded.
The zap hits Sigmund.
Sigmund is heavily wounded.
You start to feel a little slower.
Sigmund casts a spell at you. The magic dart hits you!
You feel sluggish.
A ball python comes into view.
Found a ring mail.
A rat comes into view.
Sigmund hits you from afar with a scythe of slicing!
* * * LOW HITPOINT WARNING * * *
You die...

.......(.# r..
........(# #[.....
.........# #......#
.........# #......#
.........# #......#
.........#
#..S...###
........>#
#.........
.........# #......#
...........
#@#######
........##.#
#...#...# #########
.# #####@#.#.#####.#
. #...............#
##.#.####..#######
#<.#@...@.........#
#....#####....#####.
###...> #.##.#
#####.##.. ...


You could see Sigmund, a ball python and a rat (sleeping).

Vanquished Creatures
  3 gnolls (D:2)
  An ooze (D:1)
  2 giant geckos (D:1)
  5 bats
  8 goblins
  8 hobgoblins
  6 kobolds
  6 giant newts
  5 rats
44 creatures vanquished.

Notes
Turn   | Place    | Note
--------------------------------------------------------------
     0 | D:1      | musteatbrain, the Tengu Air Elementalist, began the quest for the Orb.
     0 | D:1      | Reached XP level 1. HP: 10/10 MP: 3/3
   280 | D:1      | Reached XP level 2. HP: 15/15 MP: 0/5
   644 | D:1      | Reached XP level 3. HP: 10/19 MP: 0/7
  1473 | D:1      | Learned a level 2 spell: Swiftness
  1476 | D:1      | Learned a level 2 spell: Repel Missiles
  1590 | D:2      | Reached skill level 5 in Air Magic
  1781 | D:2      | Reached XP level 4. HP: 24/24 MP: 5/8
  2152 | D:2      | Noticed Sigmund
  2171 | D:2      | Slain by Sigmund

Action                   |  1- 3 |  4- 6 || total
-------------------------+-------+-------++-------
Melee: Unarmed           |     6 |       ||     6
       Whip              |    25 |       ||    25
       Short sword       |    36 |    13 ||    49
 Cast: Shock             |    31 |    16 ||    47
       Swiftness         |       |     3 ||     3
 Stab: Sleeping          |     2 |       ||     2
  Eat: Bread ration      |     1 |       ||     1
       Chunk             |     1 |       ||     1
